 Dungeon Crawl Stone Soup version 0.30.0-29-ga12c61a403 (webtiles) character file.

Game seed: 9706198994032011374

120057 qw the Severer (level 16, -1/108 HPs)
             Began as a Gargoyle Fighter on June 3, 2023.
             Was an Elder of Okawaru.
             Slain by a merfolk siren
             ... wielding a +0 trident
             ... led by Ilsuiw
              (9 damage)
             ... on level 2 of the Shoals.
             The game lasted 00:15:05 (27190 turns).

qw the Severer (Gargoyle Fighter)                  Turns: 27190, Time: 00:15:06

Health: -1/108     AC: 37    Str: 33    XL:     16   Next: 81%
Magic:  23/23      EV: 11    Int:  3    God:    Okawaru [****..]
Gold:   2491       SH: 14    Dex:  9    Spells: 15/15 levels left

rFire   + + .        r - +5 broad axe of Evisceration {freeze, Fly rElec Str+6 Int-5}
rCold   + . .        y - +2 buckler
rNeg    + . .        s - +0 plate armour
rPois   inf          (helmet restricted)
rElec   +            A - scarf {rC+ rF+}
rCorr   .            a - +2 pair of gloves
SInv    .            q - +2 pair of boots
Will    ++...        e - amulet of reflection Stlth
                     w - ring of protection from fire
HPRegen 0.38/turn    u - ring of willpower
MPRegen 0.18/turn

%: reflection
@: about to teleport, heroic, flying, mesmerised
A: sickness immunity, AC +12, big wings, negative energy resistance 1,
electricity resistance, torment resistance 1, petrification resistance, horns 2,
dopey 1, MP-powered wands
a: Renounce Religion, Heroism, Finesse


You were on level 2 of the Shoals.
You worshipped Okawaru.
Okawaru was greatly pleased with you.
You visited 4 branches of the dungeon, and saw 24 of its levels.
You also visited: Sewer.

You collected 2656 gold pieces.
You spent 165 gold pieces at shops.


Innate Abilities, Weirdness & Mutations

You are immune to sickness and miasma.
Your stone body is resilient. (AC +12)
You are immune to poison.
Your large and strong wings let you fly.
You resist negative energy. (rN+)
You are resistant to electric shocks. (rElec)
You are resistant to unholy torment.
You are immune to petrification.
You have a pair of horns on your head.
You are dopey. (Int -2)
You expend magic power (3 MP) to strengthen your wands.


   Skills:
 - Level 15.0(20.0) Fighting
 - Level 18.0(23.0) Axes
 - Level 6.0(11.0) Throwing
 - Level 13.0(18.0) Armour
 - Level 4.0(9.0) Dodging
 + Level 9.2(14.2) Shields
 - Level 10.0 Invocations


You had 15 spell levels left.
You didn't know any spells.
Your spell library was empty.

Inventory:

Hand Weapons
 r - the +5 broad axe of Evisceration (weapon) {freeze, Fly rElec Str+6 Int-5}
   (You acquired it on level 3 of the Lair of Beasts)

   Str:       It affects your strength (+6).
   Int:       It affects your intelligence (-5).
   rElec:     It insulates you from electricity.
   Fly:       It grants you flight.
 v - a +1 hand axe of flaming
Missiles
 c - 2 silver boomerangs (quivered)
 x - 11 boomerangs
Armour
 a - a +2 pair of gloves (worn)
 j - +0 acid dragon scales
 q - a +2 pair of boots (worn)
 s - a +0 plate armour (worn)
 y - a +2 buckler (worn)
 z - a +1 pair of gloves
 A - a scarf of resistance (worn)
 D - a +1 cloak
Jewellery
 e - an amulet of reflection (around neck)
 l - a ring of ice
 u - a ring of willpower (right hand)
 w - a ring of protection from fire (left hand)
 B - a ring of protection from cold
 E - a ring of resist corrosion
Wands
 b - a wand of digging (12)
Scrolls
 h - 25 scrolls of identify
 p - 5 scrolls of teleportation
Potions
 d - 4 potions of might
 f - 2 potions of lignification
 g - 4 potions of attraction
 i - a potion of resistance
 k - 8 potions of curing
 n - a potion of cancellation
 o - 7 potions of mutation
 t - 2 potions of magic

Dungeon Overview and Level Annotations

Branches:
Dungeon (15/15)            Temple (0/1) D:6            Lair (5/5) D:8
 Shoals (2/4) Lair:2       Spider (0/4) Lair:3        Slime (0/5) Lair:5
    Orc (2/2) D:12            Elf (0/3) Orc:2        Vaults (0/5) D:13
 Depths (0/4) D:15          Sewer (visited)

Altars:
Cheibriados
Elyvilon
Fedhas
Makhleb
Okawaru
Qazlal
Sif Muna
Trog
Uskayaw
Xom
Zin
The Shining One
Jiyva

Shops:
D:1 (   Orc:2 :([(

Annotations:
Lair:5 2 runed translucent doors
Shoals:2 Ilsuiw


Message History

The merfolk siren chants its luring song.
Something hits you but does no damage.
The merfolk siren hits you from afar with a +0 trident.
You barely miss the merfolk.
The merfolk is severely wounded.
The merfolk siren barely misses you. The merfolk hits you with a +0 trident.
You slash the merfolk! You freeze the merfolk.
The merfolk is almost dead.
You block the merfolk's attack.
The merfolk siren chants its luring song.
You block the merfolk siren's attack.
You hear some strange, mumbled words.
A shard of ice appears from out of thin air!
You block shard of ice... and reflect it back!
The shard of ice hits something!!
You block the merfolk's attack.
The merfolk siren hits you from afar with a +0 spear!
27187 ||| READING 6 scrolls of teleportation.
As you read the scroll of teleportation, it crumbles to dust.
You feel strangely unstable. The merfolk barely misses you.
The merfolk siren chants its luring song.
The merfolk siren chants a haunting song.
You resist with almost no effort. Something hits you but does no damage.
The merfolk barely misses you.
The merfolk siren chants a haunting song.
You resist with some effort.
You closely miss the merfolk. Your headbutt misses the merfolk.
The merfolk is almost dead.
You block the merfolk's attack.
The merfolk siren hits you but does no damage.
The merfolk siren chants its luring song.
You hit the merfolk. You freeze the merfolk. Your headbutt misses the merfolk.
The merfolk is almost dead.
The merfolk siren chants a haunting song.
You resist with almost no effort. The merfolk closely misses you.
The merfolk hits you from afar with a +0 trident!
You closely miss the merfolk.
The merfolk is almost dead.
The merfolk siren hits you from afar with a +0 trident!
You die...

....#....~~.........P))~)~~..~~~~
.......~~~<.............~...~~~~~
...###.~...~......~~.).)...#.~~~~
..(##......).###.~~~...P..##.~~~~
....)...###..###.~~~~~~~.....~~~~
.~..~~.. #...##.~~~~~~~P~~~~~~~~~
~.~~~. #....~~ยค~~~~~P~PP~~~~~~~
...~~~~~~~PP~~~P~~~~~~~~
.~~.~~%@mP~~PP~~P~~~~~~~
~~~.#.~~~P~~P~~PPP~~~~~~
~~[.#mmmm~~~~~P~~P~~~~~~
~.~~..~E~~~~~~~~~~~~~~~~
..~~..~~~~~~~~~ #.~~~E~~~~~~~~
#..~~###.~~~~~~ ..~~. .~~~~~~


You could see 2 merfolk, 2 water elementals and 3 merfolk sirens.

Vanquished Creatures
  Mlioglotl (Shoals:1)
  Polyphemus (Shoals:2)
  Frances (Shoals:1)
  Kirke (Lair:5)
  Roxanne (Shoals:2)
  A very ugly thing (D:13)
  Nessos (Lair:5)
  Snorg (Orc:1)
  A merfolk impaler (Shoals:1)
  A rakshasa (D:14)
  Fannar (D:12)
  7 hydras
  2 spriggan zombies (D:15)
  3 boulder beetles
  A merfolk avatar (Shoals:1)
  A catoblepas (Shoals:2)
  5 centaur warriors
  Erica (D:11)
  A merfolk aquamancer (Shoals:1)
  3 two-headed ogres
  A tengu warrior (D:15)
  A vampire mage (D:15)
  3 death yaks (Shoals:2)
  3 orc high priests (Orc:2)
  Sonja (Lair:3)
  A fire crab (Lair:5)
  6 skeletal warriors
  4 sea snakes (Shoals:2)
  2 lindwurms (Lair:5)
  5 orc knights (Orc:2)
  A necromancer (D:15)
  5 deep elf pyromancers
  9 harpies
  6 cyclopes
  A wolf spider (D:13)
  A harpy (shapeshifter) (D:13)
  4 orc sorcerers (Orc:2)
  14 ugly things
  A deep elf zephyrmancer (D:13)
  11 fauns
  13 manticores
  6 black mambas
  7 merfolk sirens
  A frost giant skeleton (D:15)
  11 elephants
  2 molten gargoyles (Lair:5)
  8 cane toads
  2 gargoyles
  2 water nymphs (Shoals:2)
  An unseen horror (D:11)
  2 kobold demonologists
  5 rime drakes
  2 efreet
  A freezing wraith (D:14)
  2 ice devils (Lair:3)
  9 komodo dragons
  A guardian mummy (D:15)
  6 yaktaurs
  3 tengu conjurers (D:15)
  16 merfolk
  3 wind drakes
  A wolf spider simulacrum (D:12)
  5 trolls
  15 dream sheep
  18 blink frogs
  A jumping spider (shapeshifter) (D:15)
  5 snapping turtles
  10 slime creatures
  2 shadows
  A hog (Lair:5)
  5 water elementals
  9 wyverns
  4 basilisks
  39 yaks
  3 wraiths
  3 humans (Lair:5)
  4 steam dragons
  5 vampire mosquitoes
  3 wargs (D:8)
  Menkaure (D:5)
  A glowing shapeshifter zombie (D:15)
  11 water moccasins
  5 acid dragons
  4 hell hounds (Lair:5)
  A meliai simulacrum (D:13)
  27 orc warriors
  6 black bears
  A sky beast (D:7)
  5 centaurs
  6 ogres
  A phantom (D:5)
  14 kobold brigands
  19 bullfrogs
  A gnoll sergeant (D:8)
  2 scorpions
  7 wights
  4 killer bees (D:10)
  A howler monkey (D:8)
  An electric eel (D:7)
  4 lava snakes (Lair:5)
  A hound (D:4)
  4 jellies
  A gnoll bouda (Orc:1)
  21 orc priests
  Jessica (D:2)
  4 iguanas
  24 orc wizards
  5 hell rats (Lair:2)
  14 gnolls
  7 adders
  A shadow imp (D:7)
  2 white imps (D:7)
  An ufetubus (D:7)
  4 worms
  6 dart slugs
  112 orcs
  13 ball pythons
  18 bats
  5 endoplasms
  4 giant cockroaches
  12 goblins
  11 hobgoblins
  7 jackals
  20 kobolds
  A quokka (D:4)
  5 rats
777 creatures vanquished.

Vanquished Creatures (others)
  A hydra (Lair:5)
  A lava snake (Lair:5)
  An orc priest (Orc:2)
  An orc (Orc:2)
  A goblin (D:3)
5 creatures vanquished.

Grand Total: 782 creatures vanquished

Notes
Turn   | Place    | Note
-------+----------+-------------------------------------------
     0 | D:1      | qw the Gargoyle Fighter began the quest for the Orb.
     0 | D:1      | Reached XP level 1. HP: 14/14 MP: 1/1
     0 | D:1      | 0 ||| qw: Version: 0.2-a-103-g5a998e5
     0 | D:1      | 0 ||| qw: Game counter: 1033
     0 | D:1      | 0 ||| qw: Always use a shield: true
     0 | D:1      | 0 ||| qw: God list: Okawaru
     0 | D:1      | 0 ||| qw: Allow faded altars: false
     0 | D:1      | 0 ||| qw: Do Orc after D:15 true
     0 | D:1      | 0 ||| qw: Do second Lair branch before Depths: true
     0 | D:1      | 0 ||| qw: Lair rune preference: random
     0 | D:1      | 0 ||| qw: Plans: Normal, Zot:1-4, Slime:5, God:TSO, Crypt,
                  | Tomb, Pan, Hells, Abyss, Win
     0 | D:1      | 0 ||| PLANNING D:1-11
    47 | D:1      | Reached skill level 2 in Axes
    58 | D:1      | Found Luotoim's Antique Weapon Shoppe.
   203 | D:1      | 203 ||| Stepping ~*~*~tactically~*~*~ (stealth).
   212 | D:1      | Reached XP level 2. HP: 19/19 MP: 2/2
   656 | D:1      | Found a faded altar of an unknown god.
   682 | D:1      | 682 ||| READING scroll labelled ULIVEDE EMUO.
   683 | D:1      | 683 ||| READING 3 scrolls labelled DYICIM PYBLE.
   684 | D:1      | 684 ||| READING scroll labelled ATUHIULEDEIPP.
   688 | D:1      | 688 ||| READING 2 scrolls of identify.
   688 | D:1      | 688 ||| IDENTIFYING white potion
   713 | D:2      | Reached skill level 3 in Axes
   715 | D:2      | Reached XP level 3. HP: 23/23 MP: 3/3
   740 | D:2      | 740 ||| Stepping ~*~*~tactically~*~*~ (stealth).
   763 | D:2      | Identified the +4 dagger "Gysh" {spect, rPois Str+3 Dex+2}
   781 | D:2      | 781 ||| Stepping ~*~*~tactically~*~*~ (stealth).
   782 | D:2      | 782 ||| Stepping ~*~*~tactically~*~*~ (stealth).
   787 | D:2      | 787 ||| Stepping ~*~*~tactically~*~*~ (stealth).
   806 | D:2      | 806 ||| Stepping ~*~*~tactically~*~*~ (hiding).
  1082 | D:2      | Noticed Jessica
  1087 | D:2      | Killed Jessica
  1088 | D:2      | Reached XP level 4. HP: 27/28 MP: 4/4
  1132 | D:2      | Reached skill level 4 in Axes
  1586 | D:2      | 1586 ||| UPGRADING to +2 helmet.
  1591 | D:2      | 1591 ||| UPGRADING to +0 chain mail.
  1601 | D:2      | 1601 ||| DROPPING +0 scale mail.
  1602 | D:2      | 1602 ||| READING scroll labelled EPOAXZESSAM.
  1603 | D:2      | 1603 ||| READING 3 scrolls of identify.
  1603 | D:2      | 1603 ||| IDENTIFYING metallic brown potion
  1604 | D:2      | 1604 ||| READING 2 scrolls of identify.
  1604 | D:2      | 1604 ||| IDENTIFYING metallic dark potion
  1605 | D:2      | 1605 ||| DROPPING potion of magic.
  1651 | D:3      | 1651 ||| Stepping ~*~*~tactically~*~*~ (stealth).
  1653 | D:3      | 1653 ||| Stepping ~*~*~tactically~*~*~ (hiding).
  1672 | D:3      | Reached XP level 5. HP: 28/32 MP: 5/5
  1725 | D:3      | HP: 7/32 [something/puff of flame (7)]
  1732 | D:3      | HP: 4/32 [something (4)]
  1749 | D:3      | HP: 5/32 [orc wizard/+0 dagger (3)]
  1869 | D:3      | 1869 ||| DROPPING +0 whip.
  1920 | D:3      | Reached skill level 5 in Axes
  1930 | D:3      | Found a shimmering altar of Xom.
  1988 | D:3      | Found a snail-covered altar of Cheibriados.
  2017 | D:3      | 2017 ||| Stepping ~*~*~tactically~*~*~ (hiding).
  2018 | D:3      | 2018 ||| Stepping ~*~*~tactically~*~*~ (hiding).
  2019 | D:3      | 2019 ||| Stepping ~*~*~tactically~*~*~ (hiding).
  2020 | D:3      | 2020 ||| Stepping ~*~*~tactically~*~*~ (hiding).
  2043 | D:3      | Reached XP level 6. HP: 38/38 MP: 6/6
  2141 | D:3      | 2141 ||| Stepping ~*~*~tactically~*~*~ (hiding).
  2190 | D:3      | 2190 ||| Stepping ~*~*~tactically~*~*~ (stealth).
  2191 | D:3      | 2191 ||| Stepping ~*~*~tactically~*~*~ (stealth).
  2193 | D:3      | 2193 ||| Stepping ~*~*~tactically~*~*~ (stealth).
  2249 | D:3      | 2249 ||| Stepping ~*~*~tactically~*~*~ (hiding).
  2448 | D:3      | 2448 ||| Stepping ~*~*~tactically~*~*~ (hiding).
  3018 | D:3      | 3018 ||| UPGRADING to +0 pair of gloves.
  3023 | D:3      | 3023 ||| UPGRADING to amulet of reflection.
  3028 | D:3      | 3028 ||| DROPPING ring of flight.
  3029 | D:3      | 3029 ||| READING scroll labelled VOICRA WENAAMI.
  3030 | D:3      | 3030 ||| DRINKING 2 golden potions.
  3031 | D:3      | 3031 ||| READING 3 scrolls of identify.
  3031 | D:3      | 3031 ||| IDENTIFYING orange potion
  3032 | D:3      | 3032 ||| READING 2 scrolls of identify.
  3032 | D:3      | 3032 ||| IDENTIFYING sedimented white potion
  3132 | D:4      | Noticed a black bear
  3138 | D:4      | Killed a black bear
  3139 | D:4      | Reached skill level 6 in Axes
  3139 | D:4      | Reached XP level 7. HP: 43/43 MP: 7/7
  3262 | D:4      | Reached skill level 1 in Dodging
  3418 | D:4      | 3418 ||| Stepping ~*~*~tactically~*~*~ (stealth).
  3419 | D:4      | 3419 ||| Stepping ~*~*~tactically~*~*~ (stealth).
  3559 | D:4      | Reached skill level 7 in Axes
  3648 | D:4      | 3648 ||| UPGRADING to +0 plate armour.
  3658 | D:4      | 3658 ||| DROPPING +0 chain mail.
  3659 | D:4      | 3659 ||| UPGRADING to +0 cloak.
  3664 | D:4      | 3664 ||| READING scroll labelled JANAKE DORUG.
  3665 | D:4      | 3665 ||| READING scroll labelled YSURPH FEAJITU.
  3666 | D:4      | 3666 ||| READING scroll labelled JAONANN QOIT.
  3667 | D:4      | 3667 ||| DRINKING 2 bubbling white potions.
  3667 | D:4      | Gained mutation: You expend magic power (3 MP) to
                  | strengthen your wands. [potion of mutation]
  3667 | D:4      | Gained mutation: You have a pair of small horns on your
                  | head. [potion of mutation]
  3667 | D:4      | Gained mutation: You are dopey. (Int -2) [potion of
                  | mutation]
  3667 | D:4      | Gained mutation: You have a pair of horns on your head.
                  | [potion of mutation]
  3668 | D:4      | 3668 ||| DROPPING +2 helmet.
  3669 | D:4      | 3669 ||| DRINKING 2 smoky inky potions.
  3670 | D:4      | 3670 ||| DRINKING 2 fuming white potions.
  3671 | D:4      | 3671 ||| DRINKING potion of curing.
  3671 | D:4      | 3671 ||| (to cure confusion)
  3672 | D:4      | 3672 ||| DROPPING potion of degeneration.
  3673 | D:4      | 3673 ||| DROPPING potion of ambrosia.
  3683 | D:5      | Entered Level 5 of the Dungeon
  3811 | D:5      | 3811 ||| Stepping ~*~*~tactically~*~*~ (hiding).
  3885 | D:5      | Found a stormy altar of Qazlal.
  3892 | D:5      | Found a bloodstained altar of Trog.
  3894 | D:5      | Found a blossoming altar of Fedhas.
  3900 | D:5      | Found an iron altar of Okawaru.
  3901 | D:5      | 3901 ||| PLANNING OKAWARU WORSHIP
  3901 | D:5      | 3901 ||| READING scroll labelled JEYCAPPO LOKYI.
  3902 | D:5      | 3902 ||| READING 2 scrolls of identify.
  3902 | D:5      | 3902 ||| IDENTIFYING ruby potion
  3903 | D:5      | 3903 ||| DROPPING potion of brilliance.
  3909 | D:5      | Found a burning altar of Makhleb.
  3911 | D:5      | Became a worshipper of Warmaster Okawaru
  3911 | D:5      | 3911 ||| PLANNING D:1-11
  4015 | D:5      | 4015 ||| Stepping ~*~*~tactically~*~*~ (hiding).
  4018 | D:5      | 4018 ||| Stepping ~*~*~tactically~*~*~ (hiding).
  4019 | D:5      | 4019 ||| Stepping ~*~*~tactically~*~*~ (hiding).
  4020 | D:5      | 4020 ||| Stepping ~*~*~tactically~*~*~ (hiding).
  4120 | D:5      | Reached skill level 1 in Throwing
  4120 | D:5      | Reached XP level 8. HP: 46/48 MP: 8/8
  4169 | D:5      | Noticed Menkaure
  4170 | D:5      | 4170 ||| Stepping ~*~*~tactically~*~*~ (hiding).
  4180 | D:5      | Killed Menkaure
  4482 | D:5      | 4482 ||| READING scroll labelled NYAQYN MUSO.
  4483 | D:5      | 4483 ||| READING 4 scrolls of identify.
  4483 | D:5      | 4483 ||| IDENTIFYING cyan potion
  4484 | D:5      | 4484 ||| DROPPING potion of flight.
  4496 | D:6      | 4496 ||| PLANNING SEWER
  4506 | D:6      | 4506 ||| Stepping ~*~*~tactically~*~*~ (hiding).
  4706 | D:6      | Reached * piety under Okawaru
  4767 | D:6      | Reached skill level 1 in Invocations
  4767 | D:6      | Found a staircase to the Ecumenical Temple.
  4776 | D:6      | 4776 ||| INVOKING Heroism.
  4778 | D:6      | 4778 ||| Stepping ~*~*~tactically~*~*~ (hiding).
  4779 | D:6      | 4779 ||| Stepping ~*~*~tactically~*~*~ (hiding).
  4788 | D:6      | 4788 ||| INVOKING Heroism.
  4903 | D:6      | 4903 ||| Stepping ~*~*~tactically~*~*~ (stealth).
  4965 | D:6      | 4965 ||| Stepping ~*~*~tactically~*~*~ (stealth).
  4966 | D:6      | Found a glowing drain.
  4967 | D:6      | 4967 ||| Stepping ~*~*~tactically~*~*~ (stealth).
  4968 | D:6      | 4968 ||| Stepping ~*~*~tactically~*~*~ (stealth).
  4969 | D:6      | 4969 ||| Stepping ~*~*~tactically~*~*~ (stealth).
  4971 | D:6      | 4971 ||| Stepping ~*~*~tactically~*~*~ (stealth).
  4990 | Sewer    | Entered a sewer
  5078 | Sewer    | 5078 ||| DROPPING amulet of regeneration.
  5087 | D:6      | 5087 ||| PLANNING D:1-11
  5233 | D:6      | 5233 ||| Stepping ~*~*~tactically~*~*~ (stealth).
  5246 | D:6      | 5246 ||| INVOKING Heroism.
  5248 | D:6      | Reached skill level 8 in Axes
  5248 | D:6      | Reached skill level 3 in Invocations
  5248 | D:6      | Reached XP level 9. HP: 34/54 MP: 8/11
  5320 | D:6      | 5320 ||| INVOKING Heroism.
  5360 | D:6      | 5360 ||| Stepping ~*~*~tactically~*~*~ (stealth).
  5640 | D:6      | 5640 ||| READING scroll labelled WAMARI XOSEU.
  5786 | D:7      | 5786 ||| INVOKING Heroism.
  5798 | D:7      | Reached skill level 6 in Fighting
  5817 | D:7      | 5817 ||| FLEEEEING.
  5818 | D:7      | 5818 ||| FLEEEEING.
  5905 | D:7      | 5905 ||| Stepping ~*~*~tactically~*~*~ (stealth).
  5912 | D:7      | 5912 ||| Stepping ~*~*~tactically~*~*~ (hiding).
  6037 | D:7      | 6037 ||| Stepping ~*~*~tactically~*~*~ (stealth).
  6040 | D:7      | 6040 ||| Stepping ~*~*~tactically~*~*~ (stealth).
  6048 | D:7      | 6048 ||| Stepping ~*~*~tactically~*~*~ (stealth).
  6054 | D:7      | 6054 ||| Stepping ~*~*~tactically~*~*~ (stealth).
  6068 | D:7      | 6068 ||| Stepping ~*~*~tactically~*~*~ (stealth).
  6527 | D:7      | 6527 ||| READING scroll labelled ASKANU COKKIQA.
  6586 | D:8      | 6586 ||| INVOKING Heroism.
  6588 | D:8      | Found a staircase to the Lair.
  6592 | D:8      | Reached skill level 9 in Axes
  6593 | D:8      | Reached skill level 3 in Throwing
  6600 | D:8      | Reached ** piety under Okawaru
  6602 | D:8      | HP: 13/55 [orc priest/+0 hand axe (4)]
  6603 | D:8      | 6603 ||| READING 7 scrolls of teleportation.
  6604 | D:8      | 6604 ||| DRINKING 3 potions of heal wounds.
  6605 | D:8      | 6605 ||| INVOKING Heroism.
  6686 | D:8      | 6686 ||| Stepping ~*~*~tactically~*~*~ (hiding).
  6687 | D:8      | 6687 ||| Stepping ~*~*~tactically~*~*~ (hiding).
  6694 | D:8      | Reached skill level 6 in Armour
  6697 | D:8      | 6697 ||| Stepping ~*~*~tactically~*~*~ (stealth).
  6713 | D:8      | 6713 ||| INVOKING Heroism.
  6718 | D:8      | Reached XP level 10. HP: 43/63 MP: 10/13
  6843 | D:8      | 6843 ||| INVOKING Heroism.
  6844 | D:8      | 6844 ||| Stepping ~*~*~tactically~*~*~ (cloud).
  6846 | D:8      | 6846 ||| Stepping ~*~*~tactically~*~*~ (hiding).
  6847 | D:8      | 6847 ||| Stepping ~*~*~tactically~*~*~ (hiding).
  6938 | D:8      | 6938 ||| INVOKING Heroism.
  6942 | D:8      | Reached skill level 10 in Axes
  7144 | D:8      | 7144 ||| Stepping ~*~*~tactically~*~*~ (hiding).
  7147 | D:8      | 7147 ||| INVOKING Heroism.
  7167 | D:8      | 7167 ||| INVOKING Heroism.
  7176 | D:8      | HP: 6/64 [orc priest/divine providence (16)]
  7177 | D:8      | 7177 ||| READING 6 scrolls of teleportation.
  7178 | D:8      | 7178 ||| DRINKING 2 potions of heal wounds.
  7265 | D:8      | 7265 ||| FLEEEEING.
  7266 | D:8      | 7266 ||| FLEEEEING.
  7267 | D:8      | 7267 ||| FLEEEEING.
  7268 | D:8      | 7268 ||| FLEEEEING.
  7269 | D:8      | 7269 ||| FLEEEEING.
  7270 | D:8      | 7270 ||| FLEEEEING.
  7271 | D:8      | 7271 ||| STAIRDANCE
  7309 | D:8      | 7309 ||| STAIRDANCE
  7847 | D:8      | 7847 ||| PLANNING LAIR
  7847 | D:8      | 7847 ||| UPGRADING to +0 pair of boots.
  7904 | Lair:1   | Entered Level 1 of the Lair of Beasts
  7920 | Lair:1   | Reached *** piety under Okawaru
  7926 | Lair:1   | 7926 ||| INVOKING Heroism.
  7955 | Lair:1   | 7955 ||| Stepping ~*~*~tactically~*~*~ (stealth).
  8010 | Lair:1   | Noticed a cane toad
  8011 | Lair:1   | 8011 ||| INVOKING Heroism.
  8017 | Lair:1   | Killed a cane toad
  8117 | Lair:1   | Noticed a black mamba
  8118 | Lair:1   | 8118 ||| INVOKING Heroism.
  8125 | Lair:1   | Killed a black mamba
  8290 | Lair:1   | 8290 ||| Stepping ~*~*~tactically~*~*~ (hiding).
  8298 | Lair:1   | Reached skill level 11 in Axes
  8407 | Lair:1   | 8407 ||| INVOKING Heroism.
  8413 | Lair:1   | Reached XP level 11. HP: 49/68 MP: 11/14
  8429 | Lair:1   | 8429 ||| Stepping ~*~*~tactically~*~*~ (stealth).
  8430 | Lair:1   | 8430 ||| Stepping ~*~*~tactically~*~*~ (stealth).
  8476 | Lair:1   | 8476 ||| Stepping ~*~*~tactically~*~*~ (stealth).
  8478 | Lair:1   | 8478 ||| Stepping ~*~*~tactically~*~*~ (stealth).
  8479 | Lair:1   | 8479 ||| Stepping ~*~*~tactically~*~*~ (stealth).
  8494 | Lair:1   | Identified the staff of fire "Musizagh" {rF+ Str+2 Int+4
                  | Stlth+}
  8536 | Lair:1   | 8536 ||| INVOKING Heroism.
  8650 | Lair:1   | 8650 ||| INVOKING Heroism.
  9080 | Lair:1   | 9080 ||| INVOKING Heroism.
  9093 | Lair:1   | Reached skill level 9 in Fighting
  9100 | Lair:1   | Reached **** piety under Okawaru
  9110 | Lair:1   | 9110 ||| INVOKING Heroism.
  9198 | Lair:1   | 9198 ||| UPGRADING to ring of protection from fire.
  9199 | Lair:1   | 9199 ||| READING scroll labelled EPOQOBUBLE.
  9200 | Lair:1   | 9200 ||| READING scroll labelled DOOXYCKEEVOI.
  9210 | Lair:2   | 9210 ||| INVOKING Heroism.
  9309 | Lair:2   | 9309 ||| INVOKING Heroism.
  9322 | Lair:2   | Received a gift from Okawaru
  9430 | Lair:2   | Reached skill level 12 in Axes
  9444 | Lair:2   | Noticed a boulder beetle
  9445 | Lair:2   | 9445 ||| INVOKING Heroism.
  9479 | Lair:2   | 9479 ||| INVOKING Heroism.
  9480 | Lair:2   | Killed a boulder beetle
  9563 | Lair:2   | Noticed a four-headed hydra
  9564 | Lair:2   | 9564 ||| INVOKING Heroism.
  9569 | Lair:2   | 9569 ||| SWAPPING to +0 flail.
  9575 | Lair:2   | Killed a four-headed hydra
  9576 | Lair:2   | Reached skill level 9 in Armour
  9576 | Lair:2   | 9576 ||| SWAPPING to +1 war axe.
  9938 | Lair:2   | 9938 ||| Stepping ~*~*~tactically~*~*~ (stealth).
  9957 | Lair:2   | 9957 ||| Stepping ~*~*~tactically~*~*~ (stealth).
  9958 | Lair:2   | 9958 ||| Stepping ~*~*~tactically~*~*~ (stealth).
  9959 | Lair:2   | 9959 ||| Stepping ~*~*~tactically~*~*~ (stealth).
 10110 | Lair:2   | Found a staircase to the Shoals.
 10138 | Lair:2   | Reached XP level 12. HP: 76/76 MP: 16/16
 10221 | Lair:2   | Reached skill level 6 in Invocations
 10304 | Lair:3   | 10304 ||| READING scroll of enchant weapon.
 10304 | Lair:3   | 10304 ||| ENCHANTING +1 war axe.
 10351 | Lair:3   | Identified the +5 leather armour of Amorality {Int+3}
 10406 | Lair:3   | Noticed Sonja
 10425 | Lair:3   | 10425 ||| INVOKING Heroism.
 10435 | Lair:3   | Reached skill level 6 in Shields
 10436 | Lair:3   | Killed Sonja
 10557 | Lair:3   | 10557 ||| INVOKING Heroism.
 10571 | Lair:3   | 10571 ||| Stepping ~*~*~tactically~*~*~ (stealth).
 10582 | Lair:3   | 10582 ||| INVOKING Heroism.
 10617 | Lair:3   | 10617 ||| INVOKING Heroism.
 10668 | Lair:3   | Received a gift from Okawaru
 10674 | Lair:3   | Found a frozen archway.
 10780 | Lair:3   | Found a hole to the Spider Nest.
 10863 | Lair:3   | 10863 ||| INVOKING Heroism.
 11312 | Lair:3   | 11312 ||| READING scroll labelled KUFRUU PEKEY.
 11312 | Lair:3   | Identified a scroll of acquirement
 11312 | Lair:3   | 11312 ||| ACQUIRING +5 broad axe of Evisceration {freeze,
                  | Fly rElec Str+6 Int-5}
 11312 | Lair:3   | Acquired the +5 broad axe of Evisceration {freeze, Fly
                  | rElec Str+6 Int-5}
 11314 | Lair:3   | 11314 ||| SWAPPING to +5 broad axe of Evisceration {freeze,
                  | Fly rElec Str+6 Int-5}.
 11315 | Lair:3   | 11315 ||| DROPPING +2 war axe.
 11316 | Lair:3   | 11316 ||| READING scroll labelled NAZYJYOMOH.
 11344 | Lair:4   | 11344 ||| INVOKING Heroism.
 11433 | Lair:4   | 11433 ||| Stepping ~*~*~tactically~*~*~ (hiding).
 11434 | Lair:4   | 11434 ||| Stepping ~*~*~tactically~*~*~ (hiding).
 11438 | Lair:4   | Reached ***** piety under Okawaru
 11683 | Lair:4   | 11683 ||| INVOKING Heroism.
 11684 | Lair:4   | 11684 ||| Stepping ~*~*~tactically~*~*~ (stealth).
 11688 | Lair:4   | Reached skill level 9 in Invocations
 11729 | Lair:4   | 11729 ||| Stepping ~*~*~tactically~*~*~ (stealth).
 11730 | Lair:4   | 11730 ||| Stepping ~*~*~tactically~*~*~ (stealth).
 11738 | Lair:4   | 11738 ||| Stepping ~*~*~tactically~*~*~ (stealth).
 11810 | Lair:4   | 11810 ||| Stepping ~*~*~tactically~*~*~ (stealth).
 11811 | Lair:4   | 11811 ||| Stepping ~*~*~tactically~*~*~ (stealth).
 12061 | Lair:4   | Noticed a four-headed hydra
 12062 | Lair:4   | 12062 ||| INVOKING Heroism.
 12063 | Lair:4   | 12063 ||| INVOKING Finesse.
 12068 | Lair:4   | 12068 ||| SWAPPING to +0 flail.
 12072 | Lair:4   | Killed a four-headed hydra
 12073 | Lair:4   | Reached skill level 13 in Axes
 12073 | Lair:4   | Reached XP level 13. HP: 74/82 MP: 13/20
 12073 | Lair:4   | 12073 ||| SWAPPING to +5 broad axe of Evisceration {freeze,
                  | Fly rElec Str+6 Int-5}.
 12137 | Lair:4   | 12137 ||| INVOKING Heroism.
 12208 | Lair:4   | 12208 ||| READING scroll of enchant armour.
 12208 | Lair:4   | 12208 ||| ENCHANTING +0 pair of gloves.
 12281 | Lair:4   | Received a gift from Okawaru
 12283 | Lair:4   | 12283 ||| DROPPING +2 broad axe of freezing.
 12744 | Lair:4   | 12744 ||| READING 2 scrolls labelled ZONEUG ARAOTA.
 12745 | Lair:4   | 12745 ||| DROPPING scroll of vulnerability.
 12750 | Lair:5   | Entered Level 5 of the Lair of Beasts
 12758 | Lair:5   | 12758 ||| Stepping ~*~*~tactically~*~*~ (stealth).
 12777 | Lair:5   | 12777 ||| INVOKING Heroism.
 12794 | Lair:5   | 12794 ||| Stepping ~*~*~tactically~*~*~ (stealth).
 12806 | Lair:5   | 12806 ||| Stepping ~*~*~tactically~*~*~ (stealth).
 12821 | Lair:5   | 12821 ||| INVOKING Heroism.
 12911 | Lair:5   | 12911 ||| INVOKING Heroism.
 13077 | Lair:5   | Noticed Nessos
 13084 | Lair:5   | 13084 ||| INVOKING Heroism.
 13094 | Lair:5   | HP: 20/82 [Nessos/arrow (3)]
 13095 | Lair:5   | 13095 ||| READING 6 scrolls of teleportation.
 13096 | Lair:5   | 13096 ||| DRINKING 2 potions of heal wounds.
 13097 | Lair:5   | Killed Nessos
 13108 | Lair:5   | 13108 ||| FLEEEEING.
 13109 | Lair:5   | 13109 ||| FLEEEEING.
 13110 | Lair:5   | 13110 ||| FLEEEEING.
 13111 | Lair:5   | 13111 ||| FLEEEEING.
 13112 | Lair:5   | 13112 ||| FLEEEEING.
 13113 | Lair:5   | 13113 ||| FLEEEEING.
 13114 | Lair:5   | 13114 ||| FLEEEEING.
 13115 | Lair:5   | 13115 ||| FLEEEEING.
 13116 | Lair:5   | 13116 ||| FLEEEEING.
 13117 | Lair:5   | 13117 ||| FLEEEEING.
 13118 | Lair:5   | 13118 ||| FLEEEEING.
 13119 | Lair:5   | 13119 ||| FLEEEEING.
 13120 | Lair:5   | 13120 ||| FLEEEEING.
 13121 | Lair:5   | 13121 ||| FLEEEEING.
 13122 | Lair:5   | 13122 ||| FLEEEEING.
 13123 | Lair:5   | 13123 ||| FLEEEEING.
 13124 | Lair:5   | 13124 ||| FLEEEEING.
 13125 | Lair:5   | 13125 ||| FLEEEEING.
 13126 | Lair:5   | 13126 ||| FLEEEEING.
 13127 | Lair:5   | 13127 ||| FLEEEEING.
 13128 | Lair:5   | 13128 ||| FLEEEEING.
 13129 | Lair:5   | 13129 ||| FLEEEEING.
 13130 | Lair:5   | 13130 ||| FLEEEEING.
 13131 | Lair:5   | 13131 ||| FLEEEEING.
 13132 | Lair:5   | 13132 ||| FLEEEEING.
 13133 | Lair:5   | 13133 ||| FLEEEEING.
 13134 | Lair:5   | 13134 ||| FLEEEEING.
 13135 | Lair:5   | 13135 ||| FLEEEEING.
 13136 | Lair:5   | 13136 ||| FLEEEEING.
 13137 | Lair:5   | 13137 ||| FLEEEEING.
 13138 | Lair:5   | 13138 ||| STAIRDANCE
 13230 | Lair:5   | 13230 ||| FLEEEEING.
 13231 | Lair:5   | 13231 ||| STAIRDANCE
 13292 | Lair:5   | 13292 ||| Stepping ~*~*~tactically~*~*~ (stealth).
 13294 | Lair:5   | 13294 ||| Stepping ~*~*~tactically~*~*~ (stealth).
 13296 | Lair:5   | 13296 ||| INVOKING Heroism.
 13373 | Lair:5   | Noticed a fire dragon
 13395 | Lair:5   | Found a large runed translucent door.
 13395 | Lair:5   | Found a large runed translucent door.
 13397 | Lair:5   | 13397 ||| INVOKING Heroism.
 13404 | Lair:5   | Reached skill level 14 in Axes
 13426 | Lair:5   | Noticed Kirke
 13426 | Lair:5   | 13426 ||| FLEEEEING.
 13435 | Lair:5   | 13435 ||| FLEEEEING.
 13437 | Lair:5   | 13437 ||| FLEEEEING.
 13438 | Lair:5   | 13438 ||| FLEEEEING.
 13439 | Lair:5   | 13439 ||| FLEEEEING.
 13691 | Lair:5   | 13691 ||| Stepping ~*~*~tactically~*~*~ (stealth).
 13694 | Lair:5   | 13694 ||| Stepping ~*~*~tactically~*~*~ (stealth).
 13695 | Lair:5   | 13695 ||| INVOKING Heroism.
 13701 | Lair:5   | 13701 ||| Stepping ~*~*~tactically~*~*~ (stealth).
 13743 | Lair:5   | 13743 ||| INVOKING Heroism.
 13751 | Lair:5   | Killed Kirke
 13764 | Lair:5   | 13764 ||| Stepping ~*~*~tactically~*~*~ (stealth).
 13767 | Lair:5   | 13767 ||| Stepping ~*~*~tactically~*~*~ (stealth).
 14024 | Lair:5   | 14024 ||| INVOKING Heroism.
 14157 | Lair:5   | 14157 ||| INVOKING Heroism.
 14162 | Lair:5   | 14162 ||| SWAPPING to +0 flail.
 14166 | Lair:5   | 14166 ||| SWAPPING to +5 broad axe of Evisceration {freeze,
                  | Fly rElec Str+6 Int-5}.
 14244 | Lair:5   | Found a viscous altar of Jiyva.
 14245 | Lair:5   | Found a staircase to the Slime Pits.
 14247 | Lair:5   | 14247 ||| Stepping ~*~*~tactically~*~*~ (stealth).
 14248 | Lair:5   | 14248 ||| Stepping ~*~*~tactically~*~*~ (stealth).
 14249 | Lair:5   | 14249 ||| INVOKING Heroism.
 14251 | Lair:5   | 14251 ||| SWAPPING to +0 flail.
 14262 | Lair:5   | 14262 ||| SWAPPING to +5 broad axe of Evisceration {freeze,
                  | Fly rElec Str+6 Int-5}.
 14313 | Lair:5   | 14313 ||| FLEEEEING.
 14315 | Lair:5   | 14315 ||| FLEEEEING.
 14316 | Lair:5   | 14316 ||| FLEEEEING.
 14317 | Lair:5   | 14317 ||| FLEEEEING.
 14318 | Lair:5   | 14318 ||| FLEEEEING.
 14319 | Lair:5   | 14319 ||| FLEEEEING.
 14320 | Lair:5   | 14320 ||| FLEEEEING.
 14321 | Lair:5   | 14321 ||| FLEEEEING.
 14322 | Lair:5   | 14322 ||| FLEEEEING.
 14323 | Lair:5   | 14323 ||| FLEEEEING.
 14556 | Lair:5   | Gained mutation: Your large and strong wings let you fly.
                  | [Gargoyle growth]
 14556 | Lair:5   | Reached XP level 14. HP: 70/90 MP: 21/21
 14732 | Lair:5   | 14732 ||| PLANNING D:1-11
 15087 | D:9      | 15087 ||| FLEEEEING.
 15088 | D:9      | 15088 ||| FLEEEEING.
 15089 | D:9      | 15089 ||| FLEEEEING.
 15093 | D:9      | 15093 ||| FLEEEEING.
 15094 | D:9      | 15094 ||| FLEEEEING.
 15095 | D:9      | 15095 ||| FLEEEEING.
 15096 | D:9      | 15096 ||| FLEEEEING.
 15097 | D:9      | 15097 ||| FLEEEEING.
 15098 | D:9      | 15098 ||| STAIRDANCE
 15607 | D:9      | Found a flagged portal.
 15674 | D:9      | Reached skill level 15 in Axes
 15830 | D:9      | Found a glowing golden altar of the Shining One.
 15886 | D:9      | 15886 ||| UPGRADING to ring of willpower.
 15931 | D:10     | Entered Level 10 of the Dungeon
 16028 | D:10     | 16028 ||| DROPPING +0 flail.
 16083 | D:10     | 16083 ||| Stepping ~*~*~tactically~*~*~ (stealth).
 16091 | D:10     | 16091 ||| Stepping ~*~*~tactically~*~*~ (stealth).
 16092 | D:10     | 16092 ||| Stepping ~*~*~tactically~*~*~ (stealth).
 16124 | D:10     | 16124 ||| Stepping ~*~*~tactically~*~*~ (hiding).
 16287 | D:10     | Identified the +3 scale mail of Experimentation {Dex+2}
 16374 | D:10     | 16374 ||| Stepping ~*~*~tactically~*~*~ (hiding).
 16375 | D:10     | 16375 ||| Stepping ~*~*~tactically~*~*~ (hiding).
 16377 | D:10     | 16377 ||| Stepping ~*~*~tactically~*~*~ (hiding).
 16378 | D:10     | 16378 ||| Stepping ~*~*~tactically~*~*~ (hiding).
 16604 | D:10     | 16604 ||| Stepping ~*~*~tactically~*~*~ (stealth).
 16615 | D:10     | 16615 ||| Stepping ~*~*~tactically~*~*~ (stealth).
 16616 | D:10     | 16616 ||| Stepping ~*~*~tactically~*~*~ (stealth).
 16728 | D:11     | 16728 ||| Stepping ~*~*~tactically~*~*~ (hiding).
 16744 | D:11     | 16744 ||| INVOKING Heroism.
 16975 | D:11     | Found a shimmering blue altar of Sif Muna.
 17029 | D:11     | 17029 ||| Stepping ~*~*~tactically~*~*~ (hiding).
 17093 | D:11     | 17093 ||| Stepping ~*~*~tactically~*~*~ (hiding).
 17284 | D:11     | Noticed Erica
 17285 | D:11     | 17285 ||| INVOKING Heroism.
 17286 | D:11     | 17286 ||| INVOKING Finesse.
 17290 | D:11     | Killed Erica
 17486 | D:11     | 17486 ||| Stepping ~*~*~tactically~*~*~ (stealth).
 17489 | D:11     | 17489 ||| Stepping ~*~*~tactically~*~*~ (hiding).
 17744 | D:11     | Received a gift from Okawaru
 17937 | D:11     | 17937 ||| Stepping ~*~*~tactically~*~*~ (hiding).
 17944 | D:11     | 17944 ||| Stepping ~*~*~tactically~*~*~ (hiding).
 18010 | D:11     | 18010 ||| PLANNING D
 18010 | D:11     | 18010 ||| DROPPING scarf of harm.
 18024 | D:12     | 18024 ||| STAIRDANCE
 18114 | D:12     | 18114 ||| STAIRDANCE
 18173 | D:12     | 18173 ||| STAIRDANCE
 18275 | D:12     | 18275 ||| STAIRDANCE
 18359 | D:12     | 18359 ||| Stepping ~*~*~tactically~*~*~ (hiding).
 18368 | D:12     | 18368 ||| INVOKING Heroism.
 18494 | D:12     | 18494 ||| READING scroll of enchant armour.
 18494 | D:12     | 18494 ||| ENCHANTING +1 pair of gloves.
 18529 | D:12     | Reached skill level 12 in Fighting
 18581 | D:12     | 18581 ||| FLEEEEING.
 18713 | D:12     | 18713 ||| Stepping ~*~*~tactically~*~*~ (stealth).
 18715 | D:12     | 18715 ||| Stepping ~*~*~tactically~*~*~ (hiding).
 18751 | D:12     | Noticed Fannar
 18766 | D:12     | Killed Fannar
 18766 | D:12     | Received a gift from Okawaru
 18784 | D:12     | Reached skill level 3 in Dodging
 19000 | D:12     | Found a staircase to the Orcish Mines.
 19112 | D:12     | 19112 ||| UPGRADING to scarf of resistance.
 19153 | D:13     | 19153 ||| INVOKING Heroism.
 19154 | D:13     | 19154 ||| SWAPPING to +0 morningstar.
 19155 | D:13     | 19155 ||| INVOKING Finesse.
 19161 | D:13     | 19161 ||| SWAPPING to +5 broad axe of Evisceration {freeze,
                  | Fly rElec Str+6 Int-5}.
 19219 | D:13     | 19219 ||| Stepping ~*~*~tactically~*~*~ (hiding).
 19220 | D:13     | 19220 ||| Stepping ~*~*~tactically~*~*~ (hiding).
 19221 | D:13     | 19221 ||| Stepping ~*~*~tactically~*~*~ (hiding).
 19222 | D:13     | 19222 ||| Stepping ~*~*~tactically~*~*~ (hiding).
 19407 | D:13     | Received a gift from Okawaru
 19413 | D:13     | Found a gate to the Vaults.
 19435 | D:13     | Noticed a brown very ugly thing
 19446 | D:13     | 19446 ||| INVOKING Heroism.
 19453 | D:13     | Killed a brown very ugly thing
 19453 | D:13     | Identified the +0 chain mail of Wiypn {rElec Slay+3}
                  | (Okawaru gifted it to you on level 13 of the Dungeon)
 19453 | D:13     | Received a gift from Okawaru
 19464 | D:13     | HP: 16/92 [yaktaur/bolt (12)]
 19465 | D:13     | 19465 ||| READING 6 scrolls of teleportation.
 19466 | D:13     | 19466 ||| DRINKING potion of heal wounds.
 19654 | D:13     | 19654 ||| READING scroll of enchant armour.
 19654 | D:13     | 19654 ||| ENCHANTING +0 pair of boots.
 19693 | D:13     | 19693 ||| INVOKING Heroism.
 19694 | D:13     | 19694 ||| INVOKING Finesse.
 19696 | D:13     | 19696 ||| SWAPPING to +0 morningstar.
 19707 | D:13     | Reached skill level 16 in Axes
 19707 | D:13     | 19707 ||| SWAPPING to +5 broad axe of Evisceration {freeze,
                  | Fly rElec Str+6 Int-5}.
 19891 | D:13     | 19891 ||| Stepping ~*~*~tactically~*~*~ (hiding).
 19892 | D:13     | 19892 ||| Stepping ~*~*~tactically~*~*~ (hiding).
 19893 | D:13     | 19893 ||| Stepping ~*~*~tactically~*~*~ (hiding).
 19894 | D:13     | 19894 ||| Stepping ~*~*~tactically~*~*~ (hiding).
 19896 | D:13     | 19896 ||| Stepping ~*~*~tactically~*~*~ (hiding).
 19897 | D:13     | 19897 ||| Stepping ~*~*~tactically~*~*~ (hiding).
 19898 | D:13     | 19898 ||| Stepping ~*~*~tactically~*~*~ (hiding).
 19903 | D:13     | 19903 ||| Stepping ~*~*~tactically~*~*~ (hiding).
 19904 | D:13     | 19904 ||| Stepping ~*~*~tactically~*~*~ (hiding).
 19905 | D:13     | 19905 ||| Stepping ~*~*~tactically~*~*~ (hiding).
 20020 | D:13     | 20020 ||| INVOKING Heroism.
 20297 | D:13     | 20297 ||| READING scroll of enchant armour.
 20297 | D:13     | 20297 ||| ENCHANTING +1 pair of boots.
 20445 | D:13     | 20445 ||| Stepping ~*~*~tactically~*~*~ (hiding).
 20449 | D:13     | 20449 ||| INVOKING Heroism.
 20695 | D:13     | 20695 ||| DROPPING +0 chain mail of Wiypn {rElec Slay+3}.
 20696 | D:13     | 20696 ||| DROPPING ring of wizardry.
 20697 | D:13     | 20697 ||| READING 21 scrolls of identify.
 20697 | D:13     | 20697 ||| IDENTIFYING metallic green potion
 20698 | D:13     | 20698 ||| DROPPING potion of invisibility.
 20710 | D:14     | 20710 ||| STAIRDANCE
 20713 | D:13     | 20713 ||| INVOKING Heroism.
 20872 | D:14     | Reached XP level 15. HP: 90/96 MP: 22/22
 20892 | D:14     | 20892 ||| Stepping ~*~*~tactically~*~*~ (hiding).
 20918 | D:14     | 20918 ||| Stepping ~*~*~tactically~*~*~ (hiding).
 20920 | D:14     | 20920 ||| Stepping ~*~*~tactically~*~*~ (hiding).
 20922 | D:14     | 20922 ||| INVOKING Heroism.
 20962 | D:14     | 20962 ||| Stepping ~*~*~tactically~*~*~ (stealth).
 20998 | D:14     | 20998 ||| INVOKING Heroism.
 21067 | D:14     | 21067 ||| INVOKING Heroism.
 21580 | D:14     | Reached skill level 17 in Axes
 21582 | D:14     | 21582 ||| DROPPING +0 morningstar.
 21674 | D:14     | 21674 ||| DROPPING orb of guile.
 21681 | D:15     | Entered Level 15 of the Dungeon
 21745 | D:15     | 21745 ||| INVOKING Heroism.
 21750 | D:15     | Received a gift from Okawaru
 21800 | D:15     | 21800 ||| INVOKING Heroism.
 21848 | D:15     | 21848 ||| FLEEEEING.
 21858 | D:15     | 21858 ||| Stepping ~*~*~tactically~*~*~ (stealth).
 21859 | D:15     | 21859 ||| INVOKING Heroism.
 22029 | D:15     | Found a hide-covered altar of Uskayaw.
 22166 | D:15     | 22166 ||| Stepping ~*~*~tactically~*~*~ (hiding).
 22202 | D:15     | Found a staircase to the Depths.
 22233 | D:15     | 22233 ||| INVOKING Heroism.
 22237 | D:15     | 22237 ||| SWAPPING to +2 morningstar of venom.
 22240 | D:15     | 22240 ||| SWAPPING to +5 broad axe of Evisceration {freeze,
                  | Fly rElec Str+6 Int-5}.
 22343 | D:15     | 22343 ||| Stepping ~*~*~tactically~*~*~ (hiding).
 22398 | D:15     | 22398 ||| Stepping ~*~*~tactically~*~*~ (hiding).
 22400 | D:15     | 22400 ||| Stepping ~*~*~tactically~*~*~ (hiding).
 22417 | D:15     | Found a white marble altar of Elyvilon.
 22423 | D:15     | Found a glowing golden altar of the Shining One.
 22425 | D:15     | Found a glowing silver altar of Zin.
 22502 | D:15     | 22502 ||| Stepping ~*~*~tactically~*~*~ (hiding).
 22527 | D:15     | 22527 ||| Stepping ~*~*~tactically~*~*~ (stealth).
 22543 | D:15     | 22543 ||| Stepping ~*~*~tactically~*~*~ (hiding).
 22547 | D:15     | 22547 ||| Stepping ~*~*~tactically~*~*~ (hiding).
 22589 | D:15     | 22589 ||| Stepping ~*~*~tactically~*~*~ (hiding).
 22592 | D:15     | 22592 ||| Stepping ~*~*~tactically~*~*~ (hiding).
 22593 | D:15     | 22593 ||| Stepping ~*~*~tactically~*~*~ (hiding).
 22594 | D:15     | 22594 ||| Stepping ~*~*~tactically~*~*~ (hiding).
 22595 | D:15     | 22595 ||| Stepping ~*~*~tactically~*~*~ (hiding).
 22844 | D:15     | 22844 ||| PLANNING ORC
 22844 | D:15     | 22844 ||| UPGRADING to +2 buckler.
 22854 | D:15     | 22854 ||| DROPPING +0 buckler.
 22855 | D:15     | 22855 ||| DROPPING +4 chain mail.
 22946 | Orc:1    | Entered Level 1 of the Orcish Mines
 22976 | Orc:1    | Received a gift from Okawaru
 22990 | Orc:1    | 22990 ||| Stepping ~*~*~tactically~*~*~ (stealth).
 22992 | Orc:1    | 22992 ||| Stepping ~*~*~tactically~*~*~ (hiding).
 23001 | Orc:1    | 23001 ||| Stepping ~*~*~tactically~*~*~ (stealth).
 23002 | Orc:1    | 23002 ||| Stepping ~*~*~tactically~*~*~ (stealth).
 23052 | Orc:1    | 23052 ||| Stepping ~*~*~tactically~*~*~ (hiding).
 23091 | Orc:1    | Reached skill level 6 in Throwing
 23093 | Orc:1    | 23093 ||| Stepping ~*~*~tactically~*~*~ (hiding).
 23107 | Orc:1    | Noticed Snorg
 23111 | Orc:1    | 23111 ||| INVOKING Heroism.
 23112 | Orc:1    | Killed Snorg
 23389 | Orc:2    | Entered Level 2 of the Orcish Mines
 23393 | Orc:2    | 23393 ||| Stepping ~*~*~tactically~*~*~ (hiding).
 23393 | Orc:2    | Found a staircase to the Elven Halls.
 23394 | Orc:2    | 23394 ||| Stepping ~*~*~tactically~*~*~ (hiding).
 23395 | Orc:2    | 23395 ||| Stepping ~*~*~tactically~*~*~ (hiding).
 23487 | Orc:2    | 23487 ||| Stepping ~*~*~tactically~*~*~ (stealth).
 23488 | Orc:2    | 23488 ||| Stepping ~*~*~tactically~*~*~ (stealth).
 23489 | Orc:2    | 23489 ||| Stepping ~*~*~tactically~*~*~ (stealth).
 23491 | Orc:2    | 23491 ||| Stepping ~*~*~tactically~*~*~ (stealth).
 23493 | Orc:2    | 23493 ||| Stepping ~*~*~tactically~*~*~ (hiding).
 23498 | Orc:2    | 23498 ||| INVOKING Heroism.
 23528 | Orc:2    | 23528 ||| Stepping ~*~*~tactically~*~*~ (hiding).
 23529 | Orc:2    | 23529 ||| Stepping ~*~*~tactically~*~*~ (hiding).
 23530 | Orc:2    | 23530 ||| Stepping ~*~*~tactically~*~*~ (hiding).
 23532 | Orc:2    | 23532 ||| Stepping ~*~*~tactically~*~*~ (hiding).
 23655 | Orc:1    | 23655 ||| Stepping ~*~*~tactically~*~*~ (stealth).
 23656 | Orc:1    | 23656 ||| Stepping ~*~*~tactically~*~*~ (stealth).
 23657 | Orc:1    | 23657 ||| Stepping ~*~*~tactically~*~*~ (stealth).
 23672 | Orc:1    | 23672 ||| Stepping ~*~*~tactically~*~*~ (hiding).
 23675 | Orc:1    | 23675 ||| Stepping ~*~*~tactically~*~*~ (hiding).
 23680 | Orc:1    | 23680 ||| INVOKING Heroism.
 23919 | Orc:2    | 23919 ||| Stepping ~*~*~tactically~*~*~ (stealth).
 23921 | Orc:2    | 23921 ||| Stepping ~*~*~tactically~*~*~ (stealth).
 23925 | Orc:2    | 23925 ||| Stepping ~*~*~tactically~*~*~ (hiding).
 23926 | Orc:2    | 23926 ||| Stepping ~*~*~tactically~*~*~ (hiding).
 23927 | Orc:2    | 23927 ||| Stepping ~*~*~tactically~*~*~ (stealth).
 23929 | Orc:2    | 23929 ||| Stepping ~*~*~tactically~*~*~ (hiding).
 23930 | Orc:2    | 23930 ||| INVOKING Heroism.
 24212 | Orc:2    | 24212 ||| Stepping ~*~*~tactically~*~*~ (hiding).
 24214 | Orc:2    | 24214 ||| INVOKING Heroism.
 24271 | Orc:2    | 24271 ||| DROPPING +2 morningstar of venom.
 24284 | Orc:2    | 24284 ||| INVOKING Heroism.
 24300 | Orc:2    | 24300 ||| Stepping ~*~*~tactically~*~*~ (hiding).
 24305 | Orc:2    | 24305 ||| Stepping ~*~*~tactically~*~*~ (hiding).
 24306 | Orc:2    | 24306 ||| Stepping ~*~*~tactically~*~*~ (hiding).
 24307 | Orc:2    | 24307 ||| Stepping ~*~*~tactically~*~*~ (hiding).
 24317 | Orc:2    | 24317 ||| Stepping ~*~*~tactically~*~*~ (hiding).
 24318 | Orc:2    | 24318 ||| Stepping ~*~*~tactically~*~*~ (stealth).
 24330 | Orc:2    | 24330 ||| Stepping ~*~*~tactically~*~*~ (hiding).
 24331 | Orc:2    | 24331 ||| Stepping ~*~*~tactically~*~*~ (hiding).
 24335 | Orc:2    | 24335 ||| INVOKING Heroism.
 24346 | Orc:2    | 24346 ||| Stepping ~*~*~tactically~*~*~ (hiding).
 24352 | Orc:2    | 24352 ||| Stepping ~*~*~tactically~*~*~ (hiding).
 24355 | Orc:2    | 24355 ||| Stepping ~*~*~tactically~*~*~ (hiding).
 24356 | Orc:2    | 24356 ||| Stepping ~*~*~tactically~*~*~ (hiding).
 24359 | Orc:2    | 24359 ||| Stepping ~*~*~tactically~*~*~ (hiding).
 24365 | Orc:2    | Reached skill level 18 in Axes
 24384 | Orc:2    | 24384 ||| Stepping ~*~*~tactically~*~*~ (stealth).
 24385 | Orc:2    | 24385 ||| Stepping ~*~*~tactically~*~*~ (stealth).
 24386 | Orc:2    | 24386 ||| Stepping ~*~*~tactically~*~*~ (stealth).
 24387 | Orc:2    | 24387 ||| INVOKING Heroism.
 24426 | Orc:2    | Found Waigicoi's Weapon Shoppe.
 24426 | Orc:2    | Found Kunabarch's Book Shop.
 24428 | Orc:2    | Found Qeozxour's Antique Armour Shoppe.
 24428 | Orc:2    | Found Wayhif's Weapon Shop.
 24437 | Orc:2    | 24437 ||| BUYING glowing cloak (165 gold).
 24437 | Orc:2    | Bought a glowing cloak for 165 gold pieces
 24525 | Orc:2    | 24525 ||| PLANNING SHOALS:1-3
 24525 | Orc:2    | 24525 ||| DROPPING +0 cloak.
 24727 | Shoals:1 | Entered Level 1 of the Shoals
 24727 | Shoals:1 | Noticed Frances
 24728 | Shoals:1 | 24728 ||| INVOKING Heroism.
 24737 | Shoals:1 | Killed Frances
 24746 | Shoals:1 | Reached XP level 16. HP: 85/104 MP: 23/23
 24853 | Shoals:1 | 24853 ||| FLEEEEING.
 24854 | Shoals:1 | 24854 ||| FLEEEEING.
 24855 | Shoals:1 | 24855 ||| Stepping ~*~*~tactically~*~*~ (stealth).
 24958 | Shoals:1 | 24958 ||| INVOKING Heroism.
 25074 | Shoals:1 | Identified the +7 dagger of Sedugimm {heavy, rC+}
 25133 | Shoals:1 | Reached skill level 12 in Armour
 25150 | Shoals:1 | 25150 ||| Stepping ~*~*~tactically~*~*~ (hiding).
 25152 | Shoals:1 | 25152 ||| Stepping ~*~*~tactically~*~*~ (hiding).
 25154 | Shoals:1 | 25154 ||| Stepping ~*~*~tactically~*~*~ (hiding).
 25156 | Shoals:1 | 25156 ||| Stepping ~*~*~tactically~*~*~ (hiding).
 25163 | Shoals:1 | Reached skill level 9 in Shields
 25164 | Shoals:1 | 25164 ||| INVOKING Heroism.
 25222 | Shoals:1 | Noticed Mlioglotl
 25223 | Shoals:1 | 25223 ||| Stepping ~*~*~tactically~*~*~ (stealth).
 25226 | Shoals:1 | 25226 ||| INVOKING Heroism.
 25241 | Shoals:1 | Killed Mlioglotl
 25249 | Shoals:1 | 25249 ||| INVOKING Heroism.
 25471 | Shoals:1 | 25471 ||| Stepping ~*~*~tactically~*~*~ (stealth).
 25478 | Shoals:1 | Received a gift from Okawaru
 25482 | Shoals:1 | 25482 ||| Stepping ~*~*~tactically~*~*~ (hiding).
 25484 | Shoals:1 | 25484 ||| Stepping ~*~*~tactically~*~*~ (hiding).
 25485 | Shoals:1 | 25485 ||| Stepping ~*~*~tactically~*~*~ (hiding).
 25487 | Shoals:1 | 25487 ||| INVOKING Heroism.
 25517 | Shoals:1 | 25517 ||| DROPPING +0 morningstar of protection.
 26005 | Shoals:2 | Noticed Roxanne
 26006 | Shoals:2 | 26006 ||| INVOKING Heroism.
 26027 | Shoals:2 | Killed Roxanne
 26113 | Shoals:2 | 26113 ||| INVOKING Heroism.
 26443 | Shoals:2 | Reached skill level 15 in Fighting
 26450 | Shoals:2 | 26450 ||| Stepping ~*~*~tactically~*~*~ (hiding).
 26531 | Shoals:2 | 26531 ||| Stepping ~*~*~tactically~*~*~ (stealth).
 26533 | Shoals:2 | 26533 ||| Stepping ~*~*~tactically~*~*~ (hiding).
 26535 | Shoals:2 | 26535 ||| Stepping ~*~*~tactically~*~*~ (hiding).
 26536 | Shoals:2 | 26536 ||| Stepping ~*~*~tactically~*~*~ (hiding).
 26537 | Shoals:2 | 26537 ||| Stepping ~*~*~tactically~*~*~ (hiding).
 26538 | Shoals:2 | 26538 ||| Stepping ~*~*~tactically~*~*~ (hiding).
 26540 | Shoals:2 | 26540 ||| Stepping ~*~*~tactically~*~*~ (hiding).
 26567 | Shoals:2 | 26567 ||| Stepping ~*~*~tactically~*~*~ (stealth).
 26590 | Shoals:2 | 26590 ||| INVOKING Heroism.
 26688 | Shoals:2 | 26688 ||| INVOKING Heroism.
 26710 | Shoals:2 | HP: 19/108 [merfolk/+0 antimagic trident[a merfolk impaler]
                  | (10)]
 26711 | Shoals:2 | 26711 ||| READING 7 scrolls of teleportation.
 26712 | Shoals:2 | 26712 ||| DRINKING potion of heal wounds.
 26717 | Shoals:2 | 26717 ||| INVOKING Heroism.
 27161 | Shoals:2 | Noticed Polyphemus
 27161 | Shoals:2 | 27161 ||| INVOKING Heroism.
 27167 | Shoals:2 | Noticed Ilsuiw
 27171 | Shoals:2 | Killed Polyphemus
 27186 | Shoals:2 | HP: 24/108 [merfolk siren/+0 spear[Ilsuiw] (11)]
 27187 | Shoals:2 | 27187 ||| READING 6 scrolls of teleportation.
 27189 | Shoals:2 | HP: 8/108 [merfolk/+0 trident[Ilsuiw] (17)]
 27190 | Shoals:2 | Slain by a merfolk siren

Levels and vault maps discovered:
D:1:      lemuel_arrival_muddy, layout_basic, serial_shops, shop,
          dreamdust_ecumenical_altar_angels_and_demons, serial_park_tiny_2
D:2:      layout_loops_ring, uniq_jessica
D:3:      minmay_inner_zag, layout_basic, dk_xom_monty_hall,
          kennysheep_slug_shrine, kennysheep_generic_room_8
D:4:      layout_cave_pools, minivault_23
D:5:      layout_loops_ring, nicolae_overflow_hallway_of_the_gods, uniq_menkaure
D:6:      layout_loops_corners, minmay_temple_entry_ruins,
          cheibrodos_sewer_entry_sluice, dk_noncrumbling_2
D:7:      cheibrodos_helix_gallery, layout_loops_ring
D:8:      layout_basic, erik_lair_orcish_takeover, special_room
          [special_room_orc]
D:9:      layout_small_grid, tso_altar, enter_bailey_5, nrook_campfire
D:10:     layout_loops_cross
D:11:     layout_loops_ring, special_room [special_room_kobold],
          kennysheep_orc_sif_temple, uniq_erica
D:12:     layout_roguey [special_room_orc], orc_0_dummy, uniq_fannar
D:13:     minmay_crescents, layout_cave_pods
D:14:     layout_long_grid, minmay_misc_feat_roman
D:15:     gammafunk_depths_entry_grave, layout_small_grid,
          good_gods_mini_temple, minivault_10,
          nicolae_uskayaw_murder_on_the_dancefloor
Lair:1:   layout_regular_city, lightli_volcano_entry_magma_tube,
          beast_lair_carwin_6
Lair:2:   layout_gridlike, minmay_shoals_entry_lonely_mermaid
Lair:3:   layout_hall_layers, spider_nest_entry_web_field,
          portal_ice_cave_demonic_guard, uniq_sonja
Lair:4:   layout_layer_cave, bh_autumn_forest_stairs, serial_bayou_shore_b,
          serial_bayou_shore_b, grunt_megastairs_3
Lair:5:   cheibrodos_lair_end_hotspot, layout_loops_ring,
          minmay_slime_entry_pillars, uniq_nessos, uniq_kirke
Shoals:1: layout_shoals, uniq_mlioglotl, uniq_frances
Shoals:2: layout_shoals, yaktaur_hedge, uniq_ilsuiw, uniq_roxanne,
          uniq_polyphemus
Orc:1:    layout_diamond_mine, nicolae_orc_bridge_out, uniq_snorg
Orc:2:    grunt_orc_tribal_feast, layout_caves, mines_bat_river

Skill      XL: |  1  2  3  4  5  6  7  8  9 10 11 12 13 14 15 16 |
---------------+-------------------------------------------------+-----
Axes           | 2 3 4 5 6 7 8 9 11 12 13 14 16 18 | 18.0
Fighting       | 4 5 7 8 9 10 11 12 13 15 | 15.0
Dodging        | 1 2 3 4 |  4.0
Armour         | 4 5 6 7 9 10 11 13 | 13.0
Throwing       | 1 2 3 4 5 6 |  6.0
Invocations    | 3 4 5 10 | 10.0
Shields        | 4 5 6 7 8 9 |  9.2

Action                     |  1- 3 |  4- 6 |  7- 9 | 10-12 | 13-15 | 16-18 || total
---------------------------+-------+-------+-------+-------+-------+-------++-------
  Melee: War axe           |    73 |   134 |   264 |   408 |       |       ||   879
         Headbutt          |       |       |    50 |    95 |   176 |    75 ||   396
         Flail             |       |       |       |    10 |    13 |       ||    23
         Broad axe         |       |       |       |    35 |   819 |   276 ||  1130
         Morningstar       |       |       |       |       |    17 |       ||    17
  Throw: Boomerang         |    14 |    46 |     3 |    84 |    77 |    25 ||   249
         Javelin           |       |       |    31 |    34 |    73 |    13 ||   151
 Invoke: Heroism           |       |       |     8 |    25 |    37 |    11 ||    81
         Finesse           |       |       |       |     1 |     3 |       ||     4
    Use: Scroll            |     4 |     6 |    10 |     6 |     8 |     2 ||    36
         Potion            |       |     1 |     5 |     1 |     2 |     1 ||    10
 Armour: Scale mail        |    46 |    10 |       |       |       |       ||    56
         Chain mail        |       |   129 |     4 |       |       |       ||   133
         Plate armour      |       |       |   149 |   215 |   455 |   145 ||   964
  Dodge: Dodged            |    35 |    41 |    71 |   115 |   204 |    92 ||   558
  Block: Buckler           |    16 |    29 |   118 |   185 |   425 |   174 ||   947
         Reflection        |       |     1 |     2 |     1 |    48 |    19 ||    71

Table legend:
 A = Non-vault XP
 B = Vault XP
 C = Vault XP percentage of total XP
 D = Non-vault monster count
 E = Vault monster count
 F = Vault count percentage of total count
                 A         B        C        D         E       F
            +---------+---------+-------+---------+---------+-------
      Total |  120184 |   51327 |  29.9 |     546 |     231 |  29.7
            +---------+---------+-------+---------+---------+-------
        D:1 |      28 |       0 |   0.0 |      17 |       0 |   0.0
        D:2 |      48 |      37 |  43.5 |      21 |       1 |   4.5
        D:3 |     175 |      81 |  31.6 |      30 |      10 |  25.0
        D:4 |     565 |       0 |   0.0 |      23 |       0 |   0.0
        D:5 |     303 |     165 |  35.3 |      13 |       1 |   7.1
        D:6 |    1103 |      10 |   0.9 |      24 |       4 |  14.3
        D:7 |     665 |     264 |  28.4 |      15 |       3 |  16.7
        D:8 |    1822 |    1027 |  36.0 |      19 |      33 |  63.5
        D:9 |    2056 |       8 |   0.4 |      18 |       4 |  18.2
       D:10 |    1184 |       0 |   0.0 |      11 |       0 |   0.0
       D:11 |    3888 |    2580 |  39.9 |      21 |      23 |  52.3
       D:12 |    3977 |    1811 |  31.3 |      15 |      25 |  62.5
       D:13 |    6440 |    9405 |  59.4 |      14 |      16 |  53.3
       D:14 |    9796 |       0 |   0.0 |      20 |       0 |   0.0
       D:15 |   13710 |    4299 |  23.9 |      27 |       8 |  22.9
     Lair:1 |    5027 |     836 |  14.3 |      19 |       7 |  26.9
     Lair:2 |    6135 |     474 |   7.2 |      27 |       1 |   3.6
     Lair:3 |    6724 |    1464 |  17.9 |      23 |       3 |  11.5
     Lair:4 |    5950 |     186 |   3.0 |      20 |       2 |   9.1
     Lair:5 |   10748 |   10265 |  48.9 |      28 |      34 |  54.8
   Shoals:1 |   16479 |    3244 |  16.4 |      39 |       2 |   4.9
   Shoals:2 |   18240 |    6483 |  26.2 |      40 |       7 |  14.9
      Orc:1 |    2408 |     939 |  28.1 |      50 |       1 |   2.0
      Orc:2 |    2713 |    7578 |  73.6 |      12 |      34 |  73.9
      Sewer |       0 |     171 | 100.0 |       0 |      12 | 100.0
            +---------+---------+-------+---------+---------+-------
